 Dungeon Crawl Stone Soup version 0.29.0-10-g45618ea6d2 (webtiles) character file.

Game seed: 4336250926557613748

100398 browni3141 the Bludgeoner (level 16, -1/185 HPs)
             Began as an Ogre Enchanter on Sept 1, 2022.
             Was an Elder of Okawaru.
             Slain by a wolf spider (17 damage)
             ... on level 2 of the Spider Nest.
             The game lasted 01:06:52 (41570 turns).

browni3141 the Bludgeoner (Ogre Enchanter)         Turns: 41570, Time: 01:06:53

Health: -1/185     AC:  7    Str: 22    XL:     16   Next: 27%
Magic:  0/25       EV: 11    Int: 21    God:    Okawaru [****..]
Gold:   1026       SH:  0    Dex:  9    Spells: 14/21 levels left

rFire   + . .      SeeInvis +   a - +5 great mace of Xapt {speed, rN++ Stlth+}
rCold   . . .      Faith    .   (shield currently unavailable)
rNeg    + + +      Spirit   +   K - +1 robe {rF+}
rPois   +          Reflect  .   Q - +0 hat
rElec   +          Harm     .   M - +2 cloak "Aryph" {rPois Int+3 Stlth+}
rCorr   .          Rampage  .   (gloves unavailable)
Will    +....                   (boots unavailable)
Stlth   +++++.....              G - amulet of guardian spirit
HPRegen 0.40/turn               e - ring "Neuwoutt" {rElec rN+ Int+2 Slay+2}
MPRegen 0.19/turn               v - ring of see invisible

@: lethally poisoned (-1 -> -2), heroic, studying Maces & Flails
A: large, unfitting armour, tough skin 1
a: Renounce Religion, Heroism, Finesse


You were on level 2 of the Spider Nest.
You worshipped Okawaru.
Okawaru was greatly pleased with you.
You visited 4 branches of the dungeon, and saw 24 of its levels.
You also visited: Sewer and Ossuary.

You collected 2358 gold pieces.
You spent 1332 gold pieces at shops.


Innate Abilities, Weirdness & Mutations

You are too large for most types of armour.
You have tough skin. (AC +1)


   Skills:
 - Level 18.0(23.0) Fighting
 - Level 0.8(5.8) Short Blades
 * Level 18.2(23.2) Maces & Flails
 - Level 12.0(17.0) Throwing
 - Level 1.7(6.7) Dodging
 - Level 2.1(7.1) Stealth
 - Level 7.7(12.7) Shields
 - Level 3.0 Spellcasting
 - Level 2.6 Hexes
 - Level 2.0 Translocations
 - Level 12.0 Invocations


You had 14 spell levels left.
You knew the following spells:

 Your Spells              Type           Power      Damage    Failure   Level
a - Apportation           Tloc           22%        N/A       6%          1
o - Portal Projectile     Hex/Tloc       24%        N/A       16%         3
t - Teleport Other        Tloc           11%        N/A       17%         3

Your spell library contained the following spells:

 Spells                   Type           Power      Damage    Failure   Level
 Ensorcelled Hibernation  Hex/Ice        16%        N/A       12%         2
 Confusing Touch          Hex            14%        N/A       13%         3
 Gell's Gravitas          Tloc           11%        N/A       17%         3
 Lesser Beckoning         Tloc           11%        N/A       17%         3
 Dazzling Flash           Conj/Hex       16%        N/A       22%         3
 Ignite Poison            Fire/Tmut/Pois 3%         N/A       36%         3
 Mephitic Cloud           Conj/Pois/Air  3%         N/A       36%         3
 Leda's Liquefaction      Hex/Erth       4%         N/A       58%         4
 Alistair's Intoxication  Tmut/Pois      2%         N/A       98%         5
 Blade Hands              Tmut           1%         N/A       98%         5
 Freezing Cloud           Conj/Ice/Air   1%         6-21      98%         5
 Irradiate                Conj/Tmut      1%         3d12      98%         5
 Dragon Form              Tmut           1%         N/A       100%        7
 Borgnjor's Revivificati  Necr           1%         N/A       100%        8
 Necromutation            Tmut/Necr      1%         N/A       100%        8
 Death's Door             Necr           1%         N/A       100%        9
 Tukima's Dance           Hex            Unusable   N/A       N/A         3
 Call Canine Familiar     Summ           Unusable   N/A       N/A         3

Inventory:

Hand Weapons
 a - the +5 great mace of Xapt (weapon) {speed, rN++ Stlth+}
   (You acquired it on level 1 of the Lair of Beasts)

   Attacks with this weapon are significantly faster.
   rN:        It greatly protects you from negative energy.
   Stlth:     It makes you more stealthy.
 J - a +0 giant spiked club
Missiles
 c - 6 silver javelins
 f - 13 javelins
 l - 7 atropa-tipped darts
 r - 6 boomerangs
 u - 17 poisoned darts {@f3}
 L - 12 large rocks (quivered)
 T - 8 datura-tipped darts
 Y - 6 curare-tipped darts {@f4}
Armour
 m - the +0 kite shield "Ragixt" {rElec rC- rN+++ Regen+}
   (Okawaru gifted it to you on level 3 of the Lair of Beasts)

   rC:        It makes you vulnerable to cold.
   rElec:     It insulates you from electricity.
   rN:        It renders you almost immune to negative energy.
   Regen:     It increases your rate of health regeneration.
 K - a +1 robe of fire resistance (worn)
 M - the +2 cloak "Aryph" (worn) {rPois Int+3 Stlth+}
   (You acquired it on level 8 of the Dungeon)

   Int:       It affects your intelligence (+3).
   rPois:     It protects you from poison.
   Stlth:     It makes you more stealthy.
 Q - a +0 hat (worn)
Jewellery
 e - the ring "Neuwoutt" (left hand) {rElec rN+ Int+2 Slay+2}
   (You found it on level 4 of the Lair of Beasts)

   [ring of positive energy]

   Int:       It affects your intelligence (+2).
   Slay:      It affects your accuracy & damage with ranged weapons and melee
   (+2).
   rElec:     It insulates you from electricity.
   rN:        It protects you from negative energy.
 o - a +4 ring of protection
 v - a ring of see invisible (right hand)
 G - an amulet of guardian spirit (around neck)
 N - an amulet of reflection
 O - a +4 ring of protection
 W - a ring of magical power
Wands
 y - a wand of paralysis (4)
 H - a wand of iceblast (25)
 U - a wand of quicksilver (16)
 V - a wand of polymorph (4)
Scrolls
 b - 2 scrolls of brand weapon
 d - 3 scrolls of vulnerability {!r}
 g - 13 scrolls of teleportation {@r4}
 h - 4 scrolls of fear
 i - 6 scrolls of blinking {@r3}
 p - 5 scrolls of noise {!r}
 s - 3 scrolls of enchant armour
 t - 10 scrolls of magic mapping
 D - 3 scrolls of immolation {!r}
 F - 3 scrolls of poison {@f3}
 P - 2 scrolls of silence {!r}
 R - 5 scrolls of enchant weapon
 S - 4 scrolls of torment {!r}
Potions
 j - 15 potions of curing {@q1}
 k - 2 potions of brilliance
 n - 5 potions of might
 q - 3 potions of berserk rage {unknown}
 w - 4 potions of ambrosia
 x - a potion of cancellation
 z - 4 potions of flight
 A - 4 potions of mutation {!q}
 B - 6 potions of attraction {!q}
 C - 6 potions of lignification {unknown}
 E - 3 potions of heal wounds {@q2}
 I - 2 potions of invisibility
 X - 5 potions of haste {@q3}
 Z - 2 potions of resistance

Dungeon Overview and Level Annotations

Branches:
Dungeon (15/15)            Temple (1/1) D:7            Lair (5/5) D:10
  Swamp (0/4) Lair:3       Spider (3/4) Lair:2        Slime (0/5) Lair:4
    Orc (0/2) D:11         Vaults (0/5) D:14         Depths (0/4) D:15
  Sewer (visited)         Ossuary (visited)

Altars:
Ashenzari
Cheibriados
Dithmenos
Elyvilon
Fedhas
Gozag
Hepliaklqana
Kikubaaqudgha
Makhleb
Nemelex Xobeh
Okawaru
Qazlal
Ru
Sif Muna
Trog
Uskayaw
Vehumet
Wu Jian
Xom
Yredelemnul
Zin
The Shining One
Jiyva

Shops:
D:1 !   D:14 :   D:15 *

Portals:
Abyss: Lair:4

Annotations:
Lair:2 exclusion: downstairs
Lair:4 2 transporters, Cegin's ghost, journeyman MiBe
Spider:2 2 transporters, Flarelocke's ghost, journeyman MiFi

#..#####.##.......######..#......
..#####..###.......######.....>..
.####...###.........##...........
####....###............#.........
#....###..............#........ #
##.####...........#............
####.####...........#.....<......
...............s...##............
.......##(.....s@..##.......###^.
.......##..........##........###.
##................[..........####
#...............[............# #
#.#.....¦¦¦¦¦¦¦¦¦¦¦¦¦......#####
#.##....¦...........¦.....## ##.
##.##...¦....B.....Z¦....## ##..
#......¦..¦¦¦.¦¦¦.y¦..#..###..#
#####...¦..¦8¦.¦8¦ZZ¦..#....####


You could see a wolf spider and a jumping spider.


Message History

You feel much better.
You feel sick. The wolf spider barely misses you.
The wolf spider bites you but does no damage.
Unknown command.
Throw: 14 large rocks
Press: ? - help, Q - select action, (/) - cycle Shift-Dir - straight line, f/p - wolf spider
Aim: a wolf spider (severely wounded, 74% to hit)
You throw a large rock. The large rock hits the wolf spider!
The wolf spider is almost dead.
You feel sick. The wolf spider hits you!
* * * LOW HITPOINT WARNING * * *
The wolf spider bites you!
* * * LOW HITPOINT WARNING * * *
The wolf spider closely misses you.
The wolf spider bites you but does no damage.
Unknown command.
Throw: 13 large rocks
Press: ? - help, Q - select action, (/) - cycle Shift-Dir - straight line, f/p - wolf spider
Aim: a wolf spider (almost dead, 74% to hit)
You throw a large rock. The large rock hits the wolf spider.
The wolf spider is almost dead.
You feel sick. The wolf spider barely misses you.
The wolf spider bites you but does no damage.
The wolf spider hits you.
* * * LOW HITPOINT WARNING * * *
The wolf spider closely misses you.
Unknown command.
You closely miss the wolf spider.
The wolf spider is almost dead.
You feel sick. The wolf spider hits you!!
You die...

Skill      XL: |  1  2  3  4  5  6  7  8  9 10 11 12 13 14 15 16 |
---------------+-------------------------------------------------+-----
Fighting       | 2 3 7 8 10 12 15 16 18 | 18.0
Maces & Flails | 1 4 5 6 8 10 13 14 16 18 | 18.2
Throwing       | 3 5 7 8 9 12 | 12.0
Invocations    | 5 8 12 | 12.0
Shields        | 7 |  7.7
Translocations | 2 |  2.0
Spellcasting   | 3 |  3.0
Short Blades   | |  0.8
Dodging        | |  1.7
Stealth        | |  2.1
Hexes          | |  2.6

Action                   |  1- 3 |  4- 6 |  7- 9 | 10-12 | 13-15 | 16-18 || total
-------------------------+-------+-------+-------+-------+-------+-------++-------
Melee: Club              |    39 |       |       |       |       |       ||    39
       Dagger            |   109 |   112 |    98 |       |       |       ||   319
       Punch             |     1 |     1 |     6 |     5 |       |       ||    13
       Flail             |       |       |   278 |   341 |       |       ||   619
       Great mace        |       |       |       |   157 |   754 |   121 ||  1032
Throw: Stone             |    10 |       |     2 |       |       |       ||    12
       Javelin           |       |     2 |     6 |    25 |    82 |     4 ||   119
       Boomerang         |       |       |    51 |    58 |   139 |    31 ||   279
       Dart              |       |       |     9 |    20 |     5 |       ||    34
       Large rock        |       |       |       |       |    35 |    15 ||    50
 Cast: Portal Projectile |       |       |       |       |     3 |     1 ||     4
Invok: Heroism           |       |       |       |    22 |    38 |     7 ||    67
       Finesse           |       |       |       |     3 |     3 |       ||     6
       Duel              |       |       |       |       |     1 |     1 ||     2
Evoke: Wand              |       |       |    12 |     6 |     4 |     1 ||    23
  Use: Potion            |     2 |       |     3 |     5 |     7 |     7 ||    24
       Scroll            |     1 |       |     9 |    21 |     4 |     2 ||    37
 Stab: Sleeping          |     4 |     1 |     4 |     6 |    10 |       ||    25
       Invisible         |     2 |       |     1 |       |       |       ||     3
       Distracted        |       |       |       |       |     3 |       ||     3
Armor: Robe              |    50 |    40 |   139 |   118 |   137 |    32 ||   516
Dodge: Dodged            |    51 |    61 |   164 |   171 |   247 |    84 ||   778

Levels and vault maps discovered:
D:1:      minmay_arrival_plants_in_alcoves, layout_basic, serial_shops,
          nicolae_square_shop
D:2:      layout_loops_ring
D:3:      layout_basic, mainiacjoe_overflow_catwalk,
          ebering_ecumenical_altar_box, uniq_grinder
D:4:      kb_forest_paths, layout_rooms, uniq_crazy_yiuf_cottage, uniq_eustachio
D:5:      layout_cave_pools, amcnicky_altar_gilded, fedhas_altar_2,
          jmf_multi_god_temple2, nicolae_ossuary_entry_plus,
          minmay_fractal_squares_diagonal_5, uniq_edmund
D:6:      cheibrodos_iron_armory, layout_loops_ring,
          cheibrodos_sewer_entry_bend, minmay_misc_feat_cross, uniq_duvessa
D:7:      layout_loops_corners, jmf_multi_god_temple, minmay_temple_entry_waves
D:8:      layout_loops_ring
D:9:      lemuel_ogre_cave, layout_layer_cave, lemuel_coloured_pillars_altar,
          lemuel_crystal_altar, kennysheep_cross_bottleneck, uniq_gastronok
D:10:     layout_basic, nicolae_hepliaklqana_hazy_memory, lair_entry_dummy,
          hangedman_decor_riveting, nzn_sisyphean_effort
D:11:     layout_loops_ring, david_orc_3, special_room [special_room_bee],
          minmay_alternating_orb
D:12:     layout_loops_corners, uniq_erolcha
D:13:     layout_loops_ring
D:14:     layout_long_grid, david_vaults_5, serial_park_avenue1,
          hangedman_glass_teeth, wad_floor_pattern_2, nicolae_shop_self_help
D:15:     grunt_enter_depths_hoard, layout_long_grid, serial_shops, shop,
          evilmike_ruin_ashenzari, serial_bayou_lake_a, uniq_kirke
Temple:   nicolae_temple_bog_church
Lair:1:   layout_layer_cave, basic_altar, serial_bayou_shore_b
Lair:2:   layout_regular_city, spider_nest_entry_a, st_stairs_4,
          grunt_megastairs_5, lemuel_fruit_tree
Lair:3:   layout_gridlike, minmay_swamp_entry_worms, st_stairs_13
Lair:4:   layout_roguey, slime_entry_1, gammafunk_ghost_abyssal_escape
Lair:5:   evilmike_catoblepas_cave, layout_long_grid, ice2_lemuel
Spider:1: layout_chambers
Spider:2: layout_chambers, gammafunk_ghost_mausoleum
Spider:3: layout_spider_delve

Notes
Turn   | Place    | Note
-------+----------+-------------------------------------------
     0 | D:1      | browni3141 the Ogre Enchanter began the quest for the Orb.
     0 | D:1      | Reached XP level 1. HP: 16/16 MP: 3/3
    65 | D:1      | Reached skill level 1 in Fighting
   315 | D:1      | Reached skill level 2 in Fighting
   315 | D:1      | Reached XP level 2. HP: 28/28 MP: 5/5
   435 | D:1      | Found Erinkix's Distillery.
   486 | D:1      | Reached skill level 1 in Maces & Flails
   979 | D:1      | Reached XP level 3. HP: 20/35 MP: 6/6
  1427 | D:1      | Reached skill level 2 in Maces & Flails
  1596 | D:1      | Bought a potion of curing for 39 gold pieces
  2383 | D:2      | Identified the +1 pair of boots of Supple Strength {Harm
                  | rC+ Str+3}
  2522 | D:3      | Found an ancient bone altar of Kikubaaqudgha.
  2529 | D:3      | Noticed Grinder
  2541 | D:3      | Killed Grinder
  2542 | D:3      | Reached skill level 4 in Maces & Flails
  2542 | D:3      | Reached skill level 3 in Throwing
  2542 | D:3      | Reached XP level 4. HP: 19/42 MP: 7/7
  2542 | D:3      | Reached XP level 5. HP: 22/49 MP: 8/8
  2542 | D:3      | Reached XP level 6. HP: 25/57 MP: 9/9
  3057 | D:3      | Found a faded altar of an unknown god.
  3949 | D:4      | Reached skill level 5 in Maces & Flails
  4293 | D:4      | Reached skill level 3 in Fighting
  4293 | D:4      | Reached XP level 7. HP: 66/67 MP: 10/10
  4551 | D:5      | Entered Level 5 of the Dungeon
  4572 | D:4      | HP: 3/67 [necrophage (6)]
  4577 | D:4      | HP: 5/65 [necrophage (2)]
  4578 | D:4      | Reached skill level 4 in Fighting
  4933 | D:5      | Reached skill level 5 in Fighting
  4933 | D:5      | Found a sand-covered staircase.
  4939 | Ossuary  | Entered an ossuary
  5549 | Ossuary  | Reached skill level 6 in Fighting
  5753 | D:5      | Found a blossoming altar of Fedhas.
  5781 | D:5      | Noticed Edmund
  5793 | D:5      | Killed Edmund
  5793 | D:5      | Identified the +8 spear "Luvuafoe" {freeze, rPois rC+}
  5794 | D:5      | Reached skill level 7 in Fighting
  5810 | D:5      | Reached XP level 8. HP: 23/88 MP: 11/11
  5829 | D:4      | Reached skill level 8 in Fighting
  6462 | D:5      | Reached skill level 4 in Throwing
  6602 | D:5      | Reached skill level 5 in Throwing
  6702 | D:5      | Reached skill level 6 in Maces & Flails
  7019 | D:5      | Found a glowing golden altar of the Shining One.
  7297 | D:5      | Found a large runed translucent door.
  7297 | D:5      | Found a large runed translucent door.
  7566 | D:5      | Found a bloodstained altar of Trog.
  7569 | D:5      | Found a sparkling altar of Nemelex Xobeh.
  7625 | D:5      | Reached XP level 9. HP: 82/96 MP: 12/12
  7709 | D:4      | Noticed Eustachio
  7727 | D:4      | Killed Eustachio
  7728 | D:4      | Reached skill level 7 in Maces & Flails
  7933 | D:4      | Found a runed translucent door.
  7934 | D:4      | Noticed Crazy Yiuf
  8088 | D:4      | Killed Crazy Yiuf
  8410 | D:6      | Reached skill level 8 in Maces & Flails
  8573 | D:6      | Noticed Duvessa
  8573 | D:6      | Noticed Dowan
  8589 | D:6      | Killed Duvessa
  8601 | D:6      | HP: 2/96 [Dowan/shard of ice (15)]
  8605 | D:6      | Killed Dowan
  8623 | D:6      | Found a glowing drain.
  8733 | Sewer    | Entered a sewer
  9364 | Sewer    | Identified the +8 glaive of the Unstoppable Suns {pain, Fly
                  | Dex+4}
  9738 | D:6      | Reached skill level 9 in Fighting
  9803 | D:6      | Reached skill level 6 in Throwing
 10181 | D:7      | Found a staircase to the Ecumenical Temple.
 10206 | Temple   | Entered the Ecumenical Temple
 10392 | Temple   | Became a worshipper of Warmaster Okawaru
 10459 | D:7      | Reached skill level 10 in Fighting
 10494 | D:6      | Noticed a rust devil
 10494 | D:6      | Noticed a rust devil
 10786 | D:7      | Found an opulent altar of Gozag.
 10788 | D:7      | Found a radiant altar of Vehumet.
 10915 | D:7      | Reached skill level 7 in Throwing
 10915 | D:7      | Reached XP level 10. HP: 110/110 MP: 13/13
 11158 | D:7      | Reached * piety under Okawaru
 12172 | D:8      | Reached skill level 11 in Fighting
 12276 | D:8      | Identified a scroll of acquirement
 12279 | D:8      | Acquired the +2 cloak "Aryph" {rPois Int+3 Stlth+}
 12453 | D:9      | Found a basalt altar of Yredelemnul.
 12718 | D:9      | Reached skill level 8 in Throwing
 13453 | D:9      | Noticed Gastronok
 13470 | D:9      | Killed Gastronok
 13471 | D:9      | Reached skill level 12 in Fighting
 13471 | D:9      | Reached skill level 9 in Maces & Flails
 14047 | D:9      | Reached ** piety under Okawaru
 14294 | D:9      | Found a shimmering blue altar of Sif Muna.
 14546 | D:10     | Entered Level 10 of the Dungeon
 14549 | D:10     | Found a staircase to the Lair.
 14567 | D:10     | Reached skill level 10 in Maces & Flails
 14567 | D:10     | Reached XP level 11. HP: 103/123 MP: 14/14
 15180 | D:10     | Found a hazy altar of Hepliaklqana.
 15406 | D:10     | Noticed a boulder beetle
 15417 | D:10     | Killed a boulder beetle
 15417 | D:10     | Reached *** piety under Okawaru
 15755 | D:10     | Reached skill level 11 in Maces & Flails
 15875 | D:11     | Found a staircase to the Orcish Mines.
 16167 | D:11     | Noticed an eight-headed hydra
 16328 | D:11     | Noticed an eight-headed hydra
 16966 | D:11     | Noticed a two-headed ogre
 16967 | D:11     | Noticed a cyclops
 16969 | D:11     | Received a gift from Okawaru
 16971 | D:11     | Killed a cyclops
 16972 | D:11     | Noticed a two-headed ogre
 16975 | D:11     | Killed a two-headed ogre
 16976 | D:11     | Reached skill level 12 in Maces & Flails
 16976 | D:11     | Reached **** piety under Okawaru
 16977 | D:11     | Killed a two-headed ogre
 16977 | D:11     | Received a gift from Okawaru
 17004 | D:11     | HP: 11/123 [killer bee (5)]
 17021 | D:11     | HP: 9/123 [killer bee (6)]
 17021 | D:11     | HP: 4/123 [killer bee (5)]
 17021 | D:11     | HP: 1/123 [poisoned by a killer bee]
 17051 | D:11     | HP: 5/123 [eight-headed hydra (10)]
 17538 | D:11     | Received a gift from Okawaru
 17539 | D:11     | Reached skill level 13 in Maces & Flails
 17593 | Lair:1   | Entered Level 1 of the Lair of Beasts
 17668 | Lair:1   | Reached XP level 12. HP: 78/132 MP: 14/15
 18174 | Lair:1   | Noticed a seven-headed hydra
 18183 | Lair:1   | Killed a seven-headed hydra
 18208 | Lair:1   | Reached skill level 1 in Invocations
 18260 | Lair:1   | Found a hazy altar of Hepliaklqana.
 18277 | Lair:1   | Acquired the +5 great mace of Xapt {speed, rN++ Stlth+}
 18323 | Lair:1   | You fall into a shaft and drop 1 floor!
 18772 | Lair:2   | Reached skill level 2 in Invocations
 18998 | Lair:2   | Reached skill level 3 in Invocations
 19297 | Lair:2   | Reached skill level 14 in Maces & Flails
 19304 | Lair:2   | Reached skill level 4 in Invocations
 19574 | Lair:2   | Noticed a boulder beetle
 19589 | Lair:2   | Killed a boulder beetle
 19590 | Lair:2   | Reached skill level 5 in Invocations
 19893 | Lair:2   | Noticed a seven-headed hydra
 19910 | Lair:2   | Killed a seven-headed hydra
 19954 | Lair:2   | Found a hole to the Spider Nest.
 19968 | Lair:2   | Identified a potion of resistance
 20073 | Lair:2   | Noticed a four-headed hydra
 20079 | Lair:2   | Killed a four-headed hydra
 20079 | Lair:2   | Reached ***** piety under Okawaru
 20079 | Lair:2   | Received a gift from Okawaru
 20080 | Lair:2   | Reached skill level 13 in Fighting
 20601 | Lair:3   | Noticed a death yak
 20602 | Lair:3   | Noticed a death yak
 20602 | Lair:3   | Noticed a death yak
 20646 | Lair:2   | Killed a death yak
 21101 | Lair:3   | Found a staircase to the Swamp.
 21112 | Lair:3   | Reached skill level 14 in Fighting
 21385 | Lair:3   | Noticed a death yak
 21390 | Lair:3   | Noticed a death yak
 21394 | Lair:3   | Noticed a death yak
 21414 | Lair:3   | Killed a death yak
 21420 | Lair:3   | Killed a death yak
 21421 | Lair:3   | Reached skill level 15 in Fighting
 21421 | Lair:3   | Reached XP level 13. HP: 80/150 MP: 14/16
 21425 | Lair:3   | Received a gift from Okawaru
 21429 | Lair:3   | Reached skill level 16 in Fighting
 21945 | Lair:3   | Identified the +0 kite shield "Ragixt" {rElec rC- rN+++
                  | Regen+} (Okawaru gifted it to you on level 3 of the Lair of
                  | Beasts)
 21945 | Lair:3   | Received a gift from Okawaru
 21956 | Lair:3   | Reached skill level 6 in Invocations
 22518 | Lair:4   | Found a transporter.
 22538 | Lair:4   | Reached skill level 1 in Shields
 22774 | Lair:4   | Reached skill level 2 in Shields
 22775 | Lair:4   | Found a transporter.
 22782 | Lair:4   | Identified the ring "Neuwoutt" {rElec rN+ Int+2 Slay+2}
 22796 | Lair:4   | Noticed Cegin's ghost (journeyman MiBe)
 22813 | Lair:4   | Reached skill level 7 in Invocations
 22893 | Lair:4   | Found a viscous altar of Jiyva.
 22896 | Lair:4   | Found a staircase to the Slime Pits.
 22916 | Lair:4   | Reached skill level 3 in Shields
 23397 | Lair:4   | Found a one-way gate to the infinite horrors of the Abyss.
 23496 | Lair:5   | Entered Level 5 of the Lair of Beasts
 23557 | Lair:5   | Reached skill level 4 in Shields
 23557 | Lair:5   | Reached skill level 8 in Invocations
 23809 | Lair:5   | Reached skill level 5 in Shields
 24287 | Lair:5   | Reached skill level 6 in Shields
 24333 | Lair:5   | Noticed an ice dragon
 24352 | Lair:5   | Killed an ice dragon
 24700 | Lair:5   | Reached skill level 7 in Shields
 25049 | Lair:5   | Received a gift from Okawaru
 25628 | Lair:5   | Reached XP level 14. HP: 120/162 MP: 14/20
 26025 | Lair:5   | Received a gift from Okawaru
 26038 | Lair:5   | Reached skill level 17 in Fighting
 26045 | Lair:5   | Received a gift from Okawaru
 26184 | Lair:5   | Received a gift from Okawaru
 26790 | Lair:5   | Found the +5 demon whip "Spellbinder" {antimagic, Will+}
 26959 | Lair:5   | Reached skill level 18 in Fighting
 27449 | D:11     | You fall into a shaft and drop 1 floor!
 27493 | D:11     | Received a gift from Okawaru
 27827 | D:12     | Reached skill level 9 in Invocations
 28224 | D:12     | Reached skill level 10 in Invocations
 28597 | D:12     | Received a gift from Okawaru
 29863 | D:13     | Received a gift from Okawaru
 30535 | D:13     | Reached skill level 11 in Invocations
 31058 | D:14     | Received a gift from Okawaru
 31317 | D:14     | Reached skill level 12 in Invocations
 31757 | D:14     | Received a gift from Okawaru
 32079 | D:14     | Reached skill level 9 in Throwing
 32079 | D:14     | Reached XP level 15. HP: 161/176 MP: 24/24
 32136 | D:14     | Found a gate to the Vaults.
 32801 | D:14     | Found Hyiq's Self-Improvement Boutique.
 32809 | D:14     | Bought a manual of Maces & Flails for 1200 gold pieces
 32882 | D:14     | Reached skill level 10 in Throwing
 33366 | D:15     | Entered Level 15 of the Dungeon
 33537 | D:15     | Found a broken altar of Ashenzari.
 33558 | D:15     | Found Wastrasud's Assorted Antiques.
 33566 | D:15     | Bought a scroll of teleportation for 93 gold pieces
 33612 | D:15     | Noticed Kirke
 33622 | D:15     | Killed Kirke
 33719 | D:15     | Received a gift from Okawaru
 33892 | D:15     | Reached skill level 15 in Maces & Flails
 34237 | D:15     | Reached skill level 11 in Throwing
 34985 | D:15     | Found a staircase to the Depths.
 35158 | D:15     | Learned a level 3 spell: Portal Projectile
 35292 | Spider:1 | Entered Level 1 of the Spider Nest
 35617 | Spider:1 | Reached skill level 1 in Translocations
 35703 | Spider:1 | Reached skill level 3 in Spellcasting
 35710 | Arena    | Entered the Arena
 35742 | Spider:1 | HP: 11/176 [wolf spider (9)]
 36601 | Spider:1 | Reached skill level 2 in Translocations
 37163 | Spider:1 | Reached skill level 16 in Maces & Flails
 38176 | Spider:2 | Reached skill level 12 in Throwing
 38512 | Spider:2 | Reached XP level 16. HP: 185/185 MP: 25/25
 38965 | Spider:2 | Reached skill level 17 in Maces & Flails
 39290 | Spider:2 | Found a transporter.
 39291 | Spider:2 | Noticed Flarelocke's ghost (journeyman MiFi)
 40173 | Spider:2 | Identified the +0 robe "Losm" {rPois Str+2} (Okawaru gifted
                  | it to you on level 2 of the Spider Nest)
 40173 | Spider:2 | Received a gift from Okawaru
 40434 | Spider:2 | Found a transporter.
 40673 | Spider:2 | Learned a level 1 spell: Apportation
 40677 | Spider:2 | Learned a level 3 spell: Teleport Other
 40781 | Spider:3 | Reached skill level 18 in Maces & Flails
 40969 | Arena    | Entered the Arena
 40978 | Arena    | HP: 18/185 [entropy weaver (6)]
 41566 | Spider:2 | HP: 16/185 [wolf spider (13)]
 41570 | Spider:2 | Slain by a wolf spider

Vanquished Creatures
  Gastronok (D:9)
  Kirke (D:15)
  An emperor scorpion (Spider:2)
  A ghost moth (Spider:2)
  A broodmother (Spider:2)
  A spark wasp (Spider:2)
  4 entropy weavers
  2 fire dragons (D:15)
  A vault guard (D:14)
  2 jorogumos
  A radroach (Spider:1)
  An ice dragon (Lair:5)
  8 hydras
  6 boulder beetles
  3 catoblepae (Lair:5)
  4 centaur warriors
  4 two-headed ogres
  12 death yaks
  5 skeletal warriors
  2 pharaoh ants (Spider:2)
  2 steelbarb worms
  2 orb spiders
  A wizard (D:15)
  An orc knight (D:15)
  3 deep elf pyromancers
  5 wolf spiders
  A moth of wrath (Spider:1)
  3 manticores
  3 cyclopes
  13 ugly things
  17 slime creatures
  An ice statue (Lair:5)
  2 black mambas (Lair:3)
  3 torpor snails
  2 gargoyles
  8 cane toads
  2 rime drakes
  2 kobold demonologists
  2 demonic crawlers
  6 komodo dragons
  4 yaktaurs (D:13)
  2 polar bears
  A wind drake (shapeshifter) (D:15)
  10 meliai
  3 tyrant leeches (Lair:3)
  7 trolls
  Grinder (D:3)
  A queen bee (D:11)
  A hornet (D:11)
  6 dream sheep (Lair:4)
  9 tarantellas
  8 blink frogs
  5 culicivoras
  A centaur simulacrum (D:12)
  8 jumping spiders
  2 shadows
  4 wraiths
  A water elemental (D:15)
  A human (D:15)
  4 wyverns
  Eustachio (D:4)
  7 basilisks
  6 hogs (D:15)
  52 yaks
  A steam dragon (D:8)
  6 vampire mosquitoes
  17 redbacks
  2 wargs
  A swamp worm (Lair:3)
  An acid dragon (D:11)
  Edmund (D:5)
  13 water moccasins
  Duvessa (D:6)
  2 sky beasts
  7 ice beasts
  6 orc warriors
  3 black bears (D:5)
  16 centaurs
  8 ogres
  10 wolves
  A phantom (D:4)
  A kobold brigand (D:9)
  2 gnoll sergeants
  4 bullfrogs
  4 necrophages
  3 scorpions
  Dowan (D:6)
  3 wights (D:7)
  25 killer bees (D:11)
  7 howler monkeys
  5 electric eels
  6 hounds
  4 jellies
  4 orc priests (D:11)
  Crazy Yiuf (D:4)
  6 iguanas
  6 orc wizards
  8 mummies (Ossuary)
  13 adders
  11 gnolls
  5 white imps
  An ufetubus (D:4)
  3 worms
  2 dart slugs (D:4)
  27 orcs
  5 bats
  9 endoplasms
  9 giant cockroaches
  3 goblins
  6 hobgoblins
  6 jackals
  4 quokkas
  9 ball pythons
  11 frilled lizards
  2 hobgoblin zombies (Ossuary)
  11 kobolds
  4 kobold zombies (Ossuary)
  2 orc zombies (Ossuary)
  4 rats
618 creatures vanquished.

Vanquished Creatures (others)
  A polar bear (Lair:5)
  A bush (Lair:3)
  21 fungi
  37 plants
60 creatures vanquished.

Grand Total: 678 creatures vanquished

Table legend: (Time is in decaauts)
 A = Elapsed time spent in this place.
 B = Non-inter-level travel time spent in this place.
 C = Inter-level travel time spent in this place.
 D = Time resting spent in this place.
 E = Time spent auto-exploring this place.
 F = Levels seen in this place.
 G = Mean time per level.
                   A        B        C        D        E       F      G
               +--------+--------+--------+--------+--------+-----+--------+
         Total |  41123 |  39557 |   1566 |   3359 |  30588 |  28 | 1468.7 |
       Dungeon |  23664 |  22749 |    915 |   1782 |  17555 |  15 | 1577.6 |
        Temple |    207 |    180 |     27 |      0 |    166 |   1 |  207.0 |
          Lair |   9620 |   9072 |    548 |    524 |   7339 |   5 | 1924.0 |
   Spider Nest |   6115 |   6041 |     74 |    847 |   4620 |   3 | 2038.3 |
         Sewer |    673 |    673 |      0 |      0 |    528 |   1 |  673.0 |
       Ossuary |    800 |    800 |      0 |    190 |    379 |   1 |  800.0 |
         Arena |     42 |     42 |      0 |     15 |      0 |   2 |   21.0 |
               +--------+--------+--------+--------+--------+-----+--------+

Top non-repeatable levels by time:
  Lair:5: 3506 daAuts
Spider:2: 3334 daAuts
     D:4: 2258 daAuts
Spider:1: 2216 daAuts
     D:9: 2213 daAuts
    D:14: 2175 daAuts
  Lair:2: 2055 daAuts
    D:10: 1956 daAuts
    D:15: 1787 daAuts
    D:11: 1779 daAuts
  Lair:3: 1708 daAuts
     D:1: 1617 daAuts
    D:13: 1562 daAuts
    D:12: 1473 daAuts
     D:5: 1439 daAuts

Table legend:
 A = Non-vault XP
 B = Vault XP
 C = Vault XP percentage of total XP
 D = Non-vault monster count
 E = Vault monster count
 F = Vault count percentage of total count
                 A         B        C        D         E       F
            +---------+---------+-------+---------+---------+-------
      Total |  107708 |   35718 |  24.9 |     445 |     173 |  28.0
            +---------+---------+-------+---------+---------+-------
        D:1 |      45 |       0 |   0.0 |      28 |       0 |   0.0
        D:2 |      28 |       0 |   0.0 |       9 |       0 |   0.0
        D:3 |     131 |     286 |  68.6 |      15 |       1 |   6.2
        D:4 |     298 |     437 |  59.5 |      19 |      10 |  34.5
        D:5 |     636 |     602 |  48.6 |      11 |      10 |  47.6
        D:6 |     816 |     220 |  21.2 |      17 |       4 |  19.0
        D:7 |    1067 |     150 |  12.3 |      16 |       2 |  11.1
        D:8 |     573 |       0 |   0.0 |       8 |       0 |   0.0
        D:9 |    1127 |    2261 |  66.7 |      13 |       7 |  35.0
       D:10 |    1827 |     846 |  31.6 |       9 |       1 |  10.0
       D:11 |    3405 |    6001 |  63.8 |      31 |      42 |  57.5
       D:12 |    6218 |       0 |   0.0 |      22 |       0 |   0.0
       D:13 |    6943 |       0 |   0.0 |      13 |       0 |   0.0
       D:14 |   11627 |    3370 |  22.5 |      25 |       7 |  21.9
       D:15 |   10696 |    4424 |  29.3 |      37 |       9 |  19.6
     Lair:1 |    2847 |       0 |   0.0 |       7 |       0 |   0.0
     Lair:2 |    4943 |    2524 |  33.8 |      16 |       8 |  33.3
     Lair:3 |    8139 |    1005 |  11.0 |      22 |       4 |  15.4
     Lair:4 |    6680 |       0 |   0.0 |      24 |       0 |   0.0
     Lair:5 |    6856 |   13188 |  65.8 |      29 |      33 |  53.2
   Spider:1 |   10837 |       0 |   0.0 |      24 |       0 |   0.0
   Spider:2 |   17367 |       0 |   0.0 |      39 |       0 |   0.0
   Spider:3 |    2752 |       0 |   0.0 |       9 |       0 |   0.0
      Sewer |       0 |     249 | 100.0 |       0 |      19 | 100.0
    Ossuary |       0 |     155 | 100.0 |       0 |      16 | 100.0
      Arena |    1850 |       0 |   0.0 |       2 |       0 |   0.0
            +---------+---------+-------+---------+---------+-------
